 Dungeon Crawl Stone Soup version bcrawl-1.13 (webtiles) character file.

Game seed: 15253201014406157656

130 Camlann the Covered (level 4, -4/31 HPs)
             Began as a Demonspawn Archaeologist on July 28, 2019.
             Was an Initiate of Qazlal.
             Killed by divine providence
             ... invoked by an orc priest
              (12 damage)
             ... on level 3 of the Dungeon.
             The game lasted 00:04:50 (2673 turns).

Camlann the Covered (Demonspawn Archaeologist)      Turns: 2673, Time: 00:04:51

Health: -4/31      AC:  7    Str: 15    XL:     4   Next: 89%
Magic:  0/4        EV: 11    Int: 15    God:    Qazlal [......]
Gold:   224        SH:  3    Dex: 11    Spells: 3/3 levels left

rFire    + . .     SeeInvis .   q - +1 dagger (flame)
rCold    . . .     Gourm    .   j - +0 buckler
rNeg     . . .     Faith    .   l - +1 leather armour {rF+}
rPois    +         Spirit   +   c - +1 hat
rElec    .         Reflect  .   (no cloak)
rCorr    .         Harm     .   (no gloves)
MR       .....                  d - +1 pair of boots
Stlth    ++........             p - amulet of guardian spirit
HPRegen  0.10/turn              (no ring)
MPRegen  0.09/turn              (no ring)

@: studying Armour
A: frail 1, poison resistance, powered by death 1, spiny 1, strong 1, MP-powered
wands
a: Renounce Religion


You were on level 3 of the Dungeon.
You worshipped Qazlal.
Qazlal was noncommittal.
You were not hungry.

You visited 1 branch of the dungeon, and saw 3 of its levels.

You collected 224 gold pieces.


Innate Abilities, Weirdness & Mutations

You regenerate a little health from kills.
You are partially covered in sharp spines.
You are frail. (-10% HP)
Your system is resistant to poisons. (rPois)
Your muscles are strong. (Str +2)
You expend magic power (3 MP) to strengthen your wands.


   Skills:
 - Level 3.0 Fighting
   Level 0.8 Maces & Flails
 + Level 4.6 Armour
 - Level 2.6 Dodging
 - Level 3.0 Stealth


You had 3 spell levels left.
You didn't know any spells.
Your spell library was empty.

Dungeon Overview and Level Annotations

Branches:
Dungeon (3/12)

Altars:
Ashenzari
Cheibriados
Fedhas
Kikubaaqudgha
Qazlal
Uskayaw

Inventory:

Hand Weapons
 q - a +1 dagger of flaming (weapon)
   (You took it off an orc wizard on level 3 of the Dungeon)
Armour
 c - a +1 hat (worn)
 d - a +1 pair of boots (worn)
 j - a +0 buckler (worn)
   (You found it on level 1 of the Dungeon)
 l - a +1 leather armour of fire resistance (worn)
   (You found it on level 1 of the Dungeon)
Jewellery
 p - an amulet of guardian spirit (around neck)
   (You found it on level 3 of the Dungeon)
Scrolls
 b - a scroll of remove curse
 h - 3 scrolls of teleportation
Potions
 i - 3 potions of curing {unknown}
 k - 2 potions of flight
 m - 2 potions of heal wounds {unknown}
 n - a potion of might
 o - a potion of invisibility {unknown}
Books
 e - a manual of Armour {!d}
Miscellaneous
 f - an ancient crate
Comestibles
 a - 10 chunks of flesh {@w1}
 g - 9 rations {!d}

######
##....o#######
......o6.....#
##.....#####.##
#..... #.....#
###### #..(..#
#.....#
#####.#########.
#...........
#.##........
#).#.######.


You could see 2 orc priests.


Message History

No target in view!
You start resting.
You are feeling very hungry.
Items here: % ( ) [ a +0 hand axe; 70 tomahawks; a +0 ring mail; an orc corpse You butcher the orc corpse.
a - 3 chunks of flesh {@w1}
Items here: % ( ) [ a +0 hand axe; 70 tomahawks; a +0 ring mail; an orc skeleton Eating one of 3 chunks of flesh {@w1}.
You eat one of the 3 chunks of flesh {@w1}.
This raw flesh tastes terrible.
HP restored.
a - 6 chunks of flesh {@w1} (gained 4)
Things that are here:
a +0 dagger; a +0 leather armour; an orc skeleton
Items here: % ) [[ a +0 hand axe; a +3 scale mail; a +0 robe; an orc corpse
Items here: % ))) [ a +0 whip; a +0 short sword; a +4 flail; a +0 ring mail; an orc corpse You butcher the orc corpse.
a - 10 chunks of flesh {@w1} (gained 4)
Items here: % ))) [ a +0 whip; a +0 short sword; a +4 flail; a +0 ring mail; an orc skeleton
Items here: % ) [[ a +0 hand axe; a +3 scale mail; a +0 robe; an orc corpse You open the door.
Found a ration.
There is an open door here.
Found a ration.
g - 8 rations {!d} (gained 1)
g - 9 rations {!d} (gained 1)
Found 217 poisoned needles.
An orc priest comes into view. It is wielding a +0 falchion.
An orc priest comes into view. It is wielding a +0 club.
The orc priest calls down the wrath of Beogh upon you.
Beogh smites you!
There is an open door here.
You are too injured to fight recklessly!
You are too injured to fight recklessly!
You are too injured to fight recklessly!
You are too injured to fight recklessly!
You are too injured to fight recklessly!
You are too injured to fight recklessly!
You are too injured to fight recklessly!
You are too injured to fight recklessly!
You are too injured to fight recklessly!
You are too injured to fight recklessly!
You are too injured to fight recklessly!
You are too injured to fight recklessly!
You are too injured to fight recklessly!
You are too injured to fight recklessly!
You are too injured to fight recklessly!
You are too injured to fight recklessly!
You close the door.
You start resting.
An orc priest opens the door.
It is wielding a +0 club.
The orc priest mumbles some strange prayers to Beogh against you.
Pain shoots through your body!
* * * LOW HITPOINT WARNING * * *
There is an open door here.
You hit the orc priest. You burn the orc priest.
The orc priest is heavily wounded.
The orc priest hits you but does no damage.
The orc priest barely misses you.
You barely miss the orc priest.
The orc priest is heavily wounded.
The orc priest closely misses you.
The orc priest mumbles some strange prayers to Beogh against you.
Beogh smites you!
You die...

Action                   |  1- 3 |  4- 6 || total
-------------------------+-------+-------++-------
Melee: Whip              |   272 |    56 ||   328
       Dagger            |       |    14 ||    14
  Use: Scroll            |     8 |       ||     8
       Potion            |     3 |       ||     3
 Stab: Sleeping          |     5 |     3 ||     8
  Eat: Chunk             |     4 |     2 ||     6
Armor: Robe              |    80 |       ||    80
       Leather armour    |    72 |    23 ||    95
       Skin              |     3 |       ||     3
Dodge: Dodged            |   238 |    23 ||   261
Block: Buckler           |    39 |     6 ||    45

Levels and vault maps discovered:
D:1:      lightli_arrival_statue_moat, layout_basic, minmay_statues_item,
          minivault_14, minmay_gold_behind_fungi, supply_closet_lemuel
D:2:      layout_loops_ring, grunt_temple_overflow_forces_of_nature,
          gammafunk_temple_overflow_statue, lemuel_doored_altar,
          lemuel_coloured_pillars_altar, first_ration,
          chequers_ecumenical_altar_simple
D:3:      layout_basic, ebering_ghost_disaster_area

Notes
Turn   | Place    | Note
-------+----------+-------------------------------------------
     0 | D:1      | Camlann the Demonspawn Archaeologist began the quest for
                  | the Orb.
     0 | D:1      | Reached XP level 1. HP: 15/15 MP: 1/1
   191 | D:1      | Reached skill level 2 in Fighting
   203 | D:1      | Gained mutation: You regenerate a little health from kills.
                  | [demonic ancestry]
   203 | D:1      | Reached XP level 2. HP: 7/22 MP: 2/2
   204 | D:1      | HP: 3/22 [hobgoblin/+0 club (4)]
   471 | D:1      | HP: 5/22 [jackal (1)]
   475 | D:1      | HP: 2/22 [rat (1)]
   499 | D:1      | HP: 5/23 [rat (1)]
   500 | D:1      | HP: 2/23 [jackal (3)]
   508 | D:1      | HP: 2/23 [jackal (1)]
   943 | D:1      | Reached skill level 3 in Fighting
   956 | D:1      | Reached XP level 3. HP: 25/29 MP: 3/3
  1158 | D:1      | Reached skill level 1 in Armour
  1287 | D:1      | Reached skill level 2 in Armour
  1437 | D:2      | Found an ancient bone altar of Kikubaaqudgha.
  1438 | D:2      | Found a snail-covered altar of Cheibriados.
  1498 | D:2      | HP: 7/29 [worm (7)]
  1512 | D:2      | Gained mutation: You expend magic power (3 MP) to
                  | strengthen your wands. [potion of mutation]
  1512 | D:2      | Gained mutation: You are frail. (-10% HP) [potion of
                  | mutation]
  1512 | D:2      | Gained mutation: Your muscles are strong. (Str +2) [potion
                  | of mutation]
  1512 | D:2      | Gained mutation: Your system is resistant to poisons.
                  | (rPois) [potion of mutation]
  1807 | D:2      | Found a faded altar of an unknown god.
  1861 | D:2      | Reached skill level 3 in Armour
  1861 | D:2      | Gained mutation: You are partially covered in sharp spines.
                  | [demonic ancestry]
  1861 | D:2      | Reached XP level 4. HP: 27/31 MP: 4/4
  1913 | D:2      | Found a stormy altar of Qazlal.
  1918 | D:2      | Found a blossoming altar of Fedhas.
  1920 | D:2      | Became a worshipper of Qazlal Stormbringer
  2083 | D:2      | Found a shattered altar of Ashenzari.
  2364 | D:2      | Found a hide-covered altar of Uskayaw.
  2536 | D:3      | Reached skill level 4 in Armour
  2673 | D:3      | Killed from afar by an orc priest

Vanquished Creatures
  An orc wizard (D:3)
  An ooze (D:1)
  A worm (D:2)
  3 dart slugs
  4 leopard geckos
  6 orcs (D:3)
  3 giant cockroaches
  9 goblins
  5 hobgoblins
  7 jackals
  4 quokkas
  A ball python (D:1)
  11 bats
  4 frilled lizards
  8 kobolds
  4 rats
72 creatures vanquished.

Vanquished Creatures (others)
  4 toadstools (D:1)
4 creatures vanquished.

Grand Total: 76 creatures vanquished
